 Dungeon Crawl Stone Soup version 0.27-a0-216-g1fbed8a51c (webtiles) character file.

Game seed: 10871900565286825263

189 knot the Chopper (level 5, 57/61 HPs)
             Began as a Demonspawn Berserker on Feb 1, 2021.
             Was a Follower of Trog.
             Quit the game on level 2 of the Dungeon.
             The game lasted 00:01:24 (1262 turns).

knot the Chopper (Demonspawn Berserker)             Turns: 1262, Time: 00:01:25

Health: 57/61      AC:  7    Str: 17    XL:     5   Next: 40%
Magic:  5/5        EV: 10    Int:  9    God:    Trog [*.....]
Gold:   73         SH:  0    Dex: 13    Spells: 4/4 levels left

rFire    . . .     SeeInvis .   a - +0 hand axe
rCold    . . .     Faith    .   (no shield)
rNeg     . . .     Spirit   .   k - +0 scale mail
rPois    .         Reflect  .   (no helmet)
rElec    .         Harm     .   (no cloak)
rCorr    .         Rampage  .   j - +0 pair of gloves
Will     .....                  (no boots)
Stlth    ..........             (no amulet)
HPRegen  0.20/turn              (no ring)
MPRegen  0.18/turn              (no ring)

@: berserking, very quick
A: hooves 1, spiny 1, magic regeneration
a: Renounce Religion, Berserk


You were on level 2 of the Dungeon.
You worshipped Trog.
Trog was aware of your devotion.
You visited 1 branch of the dungeon, and saw 2 of its levels.

You collected 73 gold pieces.

Inventory:

Hand Weapons
 a - a +0 hand axe (weapon)
Missiles
 c - 14 poisoned darts (quivered)
 h - 29 stones
Armour
 j - a +0 pair of gloves (worn)
 k - a +0 scale mail (worn)
Jewellery
 o - an uncursed ring of poison resistance
 s - an uncursed ring of fire {unknown}
Scrolls
 d - a scroll of enchant weapon {unknown}
 e - 5 scrolls of identify {unknown}
 f - 2 scrolls of blinking {unknown}
 i - 2 scrolls of immolation {unknown}
 l - a scroll of fear {unknown}
 m - a scroll of fog {unknown}
 n - 3 scrolls of magic mapping {unknown}
 q - a scroll of remove curse {unknown}
 r - a scroll of noise {unknown}
Potions
 b - a potion of magic {unknown}
 g - a potion of heal wounds {unknown}
 p - a potion of ambrosia {unknown}


   Skills:
 - Level 3.0 Fighting
 * Level 4.7 Axes
 * Level 2.8 Throwing
 - Level 1.7 Armour
 - Level 1.7 Dodging


You had 4 spell levels left.
You didn't know any spells.
Your spell library was empty.

Dungeon Overview and Level Annotations

Branches:
Dungeon (2/15)

Altars:


Innate Abilities, Weirdness & Mutations

You have large cloven feet.
You are partially covered in sharp spines.
You regenerate magic rapidly.


Message History

You barely miss Sigmund.
Sigmund is lightly wounded.
You closely miss Sigmund.
Sigmund is lightly wounded.
Sigmund hits you but does no damage.
You slash Sigmund!
Sigmund is severely wounded.
You slash Sigmund!
You kill Sigmund!
Trog accepts your kill.
Trog appreciates your killing of a magic user.
Your Axes skill increases to level 4!
Your Throwing skill gained 2 levels and is now at level 2!
You have reached level 4!
You feel agile.
Your demonic ancestry asserts itself...
Your feet thicken and deform.
You have reached level 5!
Your demonic ancestry asserts itself...
Sharp spines emerge from parts of your body.
Are you sure you want to abandon this character and quit the game? (Confirm with "yes".)

#.# #.# #.# #.#
#.#$##### #.#..)@.#
#.#####.#
###########.#####.#
.......(.........>#
###.#############.#
..#.# #######.#
.##.# #.......#
.##.# #.#######
.##.### #.#


There were no monsters in sight!

Vanquished Creatures
  Sigmund (D:2)
  An ooze (D:2)
  2 dart slugs (D:1)
  A leopard gecko (D:1)
  3 giant cockroaches
  3 goblins
  4 hobgoblins
  2 kobolds (D:2)
  3 bats (D:2)
  4 rats
24 creatures vanquished.

Notes
Turn   | Place    | Note
-------+----------+-------------------------------------------
     0 | D:1      | knot the Demonspawn Berserker began the quest for the Orb.
     0 | D:1      | Reached XP level 1. HP: 18/18 MP: 1/1
    44 | D:1      | Reached skill level 3 in Axes
   218 | D:1      | Gained mutation: You regenerate magic rapidly. [demonic
                  | ancestry]
   218 | D:1      | Reached XP level 2. HP: 13/24 MP: 2/2
   931 | D:2      | Reached XP level 3. HP: 29/29 MP: 3/3
  1254 | D:2      | Noticed Sigmund
  1261 | D:2      | Killed Sigmund
  1262 | D:2      | Reached skill level 4 in Axes
  1262 | D:2      | Gained mutation: You have large cloven feet. [demonic
                  | ancestry]
  1262 | D:2      | Reached XP level 4. HP: 35/35 MP: 4/4
  1262 | D:2      | Gained mutation: You are partially covered in sharp spines.
                  | [demonic ancestry]
  1262 | D:2      | Reached XP level 5. HP: 41/41 MP: 5/5
  1262 | D:2      | Quit the game

Illustrated notes

Levels and vault maps discovered:
D:1:      scummos_arrival_checkerplants, layout_basic, minmay_misc_feat_cross,
          grunt_decor_clamped
D:2:      layout_basic, uniq_sigmund

Skill      XL: |  1  2  3 |
---------------+----------+-----
Axes           | 3 4 |  4.7
Throwing       | 2 |  2.8
Fighting       | |  3.0
Armour         | |  1.7
Dodging        | |  1.7

Action                   |  1- 3 |  4- 6 || total
-------------------------+-------+-------++-------
Melee: Hand axe          |    78 |       ||    78
Throw: Dart              |     8 |       ||     8
Invok: Berserk           |     1 |       ||     1
Armor: Animal skin       |     6 |       ||     6
       Scale mail        |    24 |       ||    24
Dodge: Dodged            |    44 |       ||    44

Table legend: (Time is in decaauts)
 A = Elapsed time spent in this place.
 B = Non-inter-level travel time spent in this place.
 C = Inter-level travel time spent in this place.
 D = Time resting spent in this place.
 E = Time spent auto-exploring this place.
 F = Levels seen in this place.
 G = Mean time per level.
                   A        B        C        D        E       F      G
               +--------+--------+--------+--------+--------+-----+--------+
         Total |   1270 |   1247 |     23 |      0 |   1041 |   2 |  635.0 |
       Dungeon |   1270 |   1247 |     23 |      0 |   1041 |   2 |  635.0 |
               +--------+--------+--------+--------+--------+-----+--------+

Top non-repeatable levels by time:
     D:1: 647 daAuts
     D:2: 623 daAuts
